cohdb
Replays
Latest Replays
All Replays
Popular Replays
Top Player Replays
Match Explorer
How It Works
Community
CoH3 Stats
Reddit
Sign in to upload your games and track your stats! →
Sign in with Steam
Match 43364267
Unlisted
Match 43364267
Overview
Messages
Build Orders
End
Kradschützen Motorcycle Team
Kradschützen Motorcycle Team
Selects Armored Support Battlegroup
Selects Armored Support Battlegroup
250 Light Carrier
Construct Light Support Kompanie
Assault Grenadier Squad
Selects Superior Fire Drills
MG34 Team
Fire Support Elements
Flakvierling Half-track
Panzerjäger Mechanized Group
Pak 38 Anti-tank Gun Team
Selects Salvage Kits
Construct Panzerarmee Kommand
Vehicle Survival Package
Emergency Repair Kits
Panzer III L Medium Tank
Selects Flammpanzer III Medium Tank
Willaguy
YDM
0
0
Comments
sign in to comment!
No comments posted yet!